 Dungeon Crawl Stone Soup version 0.31-a0-948-gf5be29c462 (webtiles) character file.

Game seed: 15200337704529893857

247 BinkBink the Shooter (level 5, -4/47 HPs)
             Began as a Minotaur Hunter on Oct 21, 2023.
             Was a Follower of Okawaru.
             Slain by Edmund
             ... wielding a +0 heavy dire flail
              (17 damage)
             ... on level 3 of the Dungeon.
             The game lasted 00:05:25 (3618 turns).

BinkBink the Shooter (Minotaur Hunter)              Turns: 3618, Time: 00:05:26

Health: -4/47      AC:  5    Str: 16    XL:     5   Next: 85%
Magic:  2/4        EV: 15    Int:  6    God:    Okawaru [*.....]
Gold:   241        SH:  0    Dex: 15    Spells: 4/4 levels left

rFire   . . .        a - +0 shortbow
rCold   . . .        (shield currently unavailable)
rNeg    . . .        c - +0 robe
rPois   .            (helmet restricted)
rElec   .            (no cloak)
rCorr   .            h - +0 pair of gloves
SInv    .            m - +1 pair of boots
Will    .....        (no amulet)
Stlth   +++          (no ring)
HPRegen 0.27/turn    (no ring)
MPRegen 0.09/turn

%: no passive effects
@: heroic
A: horns 2, retaliatory headbutt
a: Renounce Religion, Heroism


You were on level 3 of the Dungeon.
You worshipped Okawaru.
Okawaru was aware of your devotion.
You visited 1 branch of the dungeon, and saw 4 of its levels.

You collected 241 gold pieces.

Inventory:

Hand Weapons
 a - a +0 shortbow (weapon)
Armour
 c - a +0 robe (worn)
 h - a +0 pair of gloves (worn)
 m - a +1 pair of boots (worn)
Wands
 n - a wand of acid (4)
Scrolls
 b - a scroll of butterflies
 f - a scroll of amnesia
Potions
 d - a potion of cancellation
 i - 4 potions of curing
 k - 2 potions of lignification


   Skills:
 + Level 4.7(9.7) Fighting
 * Level 6.9(11.9) Ranged Weapons
 - Level 2.1(7.1) Dodging
 - Level 0.7(5.7) Stealth


You had 4 spell levels left.
You didn't know any spells.
Your spell library contained the following spells:

 Spells                   Type           Power      Damage    Failure   Level
 Ozocubu's Armour         Ice            0%         N/A       83%         3
 Metabolic Englaciation   Hex/Ice        0%         N/A       100%        5
 Simulacrum               Ice/Necr       Unusable   N/A       N/A         6

Dungeon Overview and Level Annotations

Branches:
Dungeon (4/15)
 Temple: D:4-7

Altars:
Okawaru
Trog
Vehumet

Annotations:
D:3 Edmund
D:4 Dowan, Duvessa


Innate Abilities, Weirdness & Mutations

You have a pair of horns on your head.
You reflexively headbutt those who attack you in melee.


Message History

* * * LOW HITPOINT WARNING * * *
Fire: a) +0 shortbow
Press: ? - help, Q - select action, (/) - cycle Shift-Dir - straight line, f/p - Edmund
Aim: Edmund, wielding a +0 heavy dire flail and wearing a +0 ring mail (lightly wounded, 71% to hit)
You shoot an arrow. The arrow hits Edmund.
Edmund is moderately wounded.
Fire: a) +0 shortbow
Press: ? - help, Q - select action, (/) - cycle Shift-Dir - straight line, f/p - Edmund
Aim: Edmund, wielding a +0 heavy dire flail and wearing a +0 ring mail (moderately wounded, 71% to hit)
You shoot an arrow. The arrow completely misses Edmund.
Edmund barely misses you.
Fire: a) +0 shortbow
Press: ? - help, Q - select action, (/) - cycle Shift-Dir - straight line, f/p - Edmund
Aim: Edmund, wielding a +0 heavy dire flail and wearing a +0 ring mail (moderately wounded, 71% to hit)
You shoot an arrow. The arrow hits Edmund.
Edmund is moderately wounded.
Fire: a) +0 shortbow
Press: ? - help, Q - select action, (/) - cycle Shift-Dir - straight line, f/p - Edmund
Aim: Edmund, wielding a +0 heavy dire flail and wearing a +0 ring mail (moderately wounded, 71% to hit)
You shoot an arrow. The arrow hits Edmund.
Edmund is heavily wounded.
Edmund completely misses you.
Fire: a) +0 shortbow
Press: ? - help, Q - select action, (/) - cycle Shift-Dir - straight line, f/p - Edmund
Aim: Edmund, wielding a +0 heavy dire flail and wearing a +0 ring mail (heavily wounded, 71% to hit)
You shoot an arrow. The arrow barely misses Edmund.
Unknown command.
Fire: a) +0 shortbow
Press: ? - help, Q - select action, (/) - cycle Shift-Dir - straight line, f/p - Edmund
Aim: Edmund, wielding a +0 heavy dire flail and wearing a +0 ring mail (heavily wounded, 71% to hit)
You shoot an arrow. The arrow hits Edmund!
Edmund is heavily wounded.
Edmund completely misses you.
Fire: a) +0 shortbow
Press: ? - help, Q - select action, (/) - cycle Shift-Dir - straight line, f/p - Edmund
Aim: Edmund, wielding a +0 heavy dire flail and wearing a +0 ring mail (heavily wounded, 71% to hit)
You shoot an arrow. The arrow barely misses Edmund.
Edmund hits you with a +0 heavy dire flail!
You die...
Edmund whines, "They better pay attention to me now!"

..........#...##.#...##.#####.###
####..##..'...##.##.###.# #....
###############......##<# ##...
...........#.#.#........# #...
##########..............######...
# ###.#.#.######.......... #
###.....#############.## #
###......[......# #.#
#######@#######.# #.##
#######@#######.# #..#
#######.#######.# #..# #####
#######.#######.# #..# ....##
#######.#######.# #..#
##...##########.......##.# #..#
#......................#.# #..#
...............######.##.#####..#
..PPPP..โ‰ˆโ‰ˆโ‰ˆยง...#
#...........#


You could see Edmund.

Vanquished Creatures
  Blork the orc (D:4)
  Robin (D:2)
  5 gnolls
  4 adders
  A worm (D:2)
  2 dart slugs
  An orc (D:4)
  5 bats
  7 endoplasms
  4 giant cockroaches
  8 hobgoblins
  2 jackals (D:1)
  7 kobolds
  2 quokkas (D:1)
  7 ball pythons
  6 frilled lizards
  11 goblins
  2 rats
76 creatures vanquished.

Notes
Turn   | Place    | Note
-------+----------+-------------------------------------------
     0 | D:1      | BinkBink the Minotaur Hunter began the quest for the Orb.
     0 | D:1      | Reached XP level 1. HP: 18/18 MP: 0/0
    45 | D:1      | Reached XP level 2. HP: 18/25 MP: 1/1
   323 | D:1      | Reached skill level 5 in Ranged Weapons
   393 | D:1      | Found a faded altar of an unknown god.
   409 | D:1      | Prayed at the altar of an unknown god.
   409 | D:1      | Became a worshipper of Warmaster Okawaru
   409 | D:1      | Reached * piety under Okawaru
   882 | D:2      | Reached XP level 3. HP: 31/31 MP: 2/2
   882 | D:2      | Noticed Robin
   890 | D:2      | Killed Robin
  1546 | D:3      | Reached XP level 4. HP: 39/39 MP: 3/3
  1738 | D:3      | Identified the +0 ring mail of Mype {rElec rPois Str+4
                  | Dex-3}
  1908 | D:3      | Found a bloodstained altar of Trog.
  1989 | D:3      | Found a radiant altar of Vehumet.
  2188 | D:3      | Reached skill level 6 in Ranged Weapons
  2421 | D:4      | Reached XP level 5. HP: 22/46 MP: 4/4
  2604 | D:4      | Noticed Blork the orc
  2615 | D:4      | Killed Blork the orc
  2680 | D:4      | Noticed Duvessa
  2680 | D:4      | Noticed Dowan
  2876 | D:4      | Noticed Edmund
  3618 | D:3      | Slain by Edmund

Illustrated notes

Levels and vault maps discovered:
D:1:      dpeg_arrival_arbitrary_b, layout_loops_ring,
          shapermc_ecumenical_altar_gd, minmay_tetromino_t2
D:2:      layout_loops_ring, uniq_robin
D:3:      minmay_chambers_of_twos, layout_loops_ring,
          mainiacjoe_overflow_brackets, mainiacjoe_overflow_boulevard,
          chequers_arboretum, moated_statue, minivault_26, minmay_misc_feat_five
D:4:      dreamdust_elfheim, layout_cave_pools,
          mainiacjoe_overflow_cross_hatched, minmay_temple_entry_glassed_door,
          uniq_edmund, uniq_blork_the_orc

Skill      XL: |  1  2  3  4 |
---------------+-------------+-----
Ranged Weapons | 5 6 |  6.9
Fighting       | 3 4 |  4.7
Dodging        | |  2.1
Stealth        | |  0.7

Action                     |  1- 3 |  4- 6 || total
---------------------------+-------+-------++-------
   Fire: Shortbow          |   120 |   104 ||   224
 Invoke: Heroism           |       |     1 ||     1
    Use: Scroll            |       |     7 ||     7
 Armour: Leather armour    |    32 |     5 ||    37
         Robe              |       |    12 ||    12
  Dodge: Dodged            |    30 |    15 ||    45

Table legend: (Time is in decaauts)
 A = Elapsed time spent in this place.
 B = Non-inter-level travel time spent in this place.
 C = Inter-level travel time spent in this place.
 D = Time resting spent in this place.
 E = Time spent auto-exploring this place.
 F = Levels seen in this place.
 G = Mean time per level.
                   A        B        C        D        E       F      G
               +--------+--------+--------+--------+--------+-----+--------+
         Total |   3650 |   3379 |    271 |    729 |   2138 |   4 |  912.5 |
       Dungeon |   3650 |   3379 |    271 |    729 |   2138 |   4 |  912.5 |
               +--------+--------+--------+--------+--------+-----+--------+

Top non-repeatable levels by time:
     D:3: 1594 daAuts
     D:1: 859 daAuts
     D:2: 777 daAuts
     D:4: 418 daAuts
